 Dungeon Crawl Stone Soup version 0.17-a0-1450-g7e755d1 (webtiles) character file.

4 Gorice the Magician (level 1, -1/10 HPs)
             Began as a Tengu Wizard on June 30, 2015.
             Slain by a giant gecko (5 damage)
             ... on level 1 of the Dungeon.
             The game lasted 00:02:56 (175 turns).

Gorice the Magician (Tengu Wizard)                   Turns: 175, Time: 00:02:56

Health: -1/10      AC:  2    Str:  7    XL:     1   Next: 60%
Magic:  0/5        EV: 12    Int: 18    God:
Gold:   0          SH:  0    Dex: 12    Spells: 1 memorised, 5 levels left

rFire  . . .     SeeInvis .     (no weapon)
rCold  . . .     Clarity  .     a - +0 robe
rNeg   . . .     SustAt   .     (no shield)
rPois  .         Gourm    .     b - +0 hat
rElec  .         Spirit   .     (no cloak)
rCorr  .         Warding  .     (no gloves)
rMut   .         Stasis   .     (boots unavailable)
MR     .....                    (no amulet)
Stlth  ++........               (no ring)
                                (no ring)

@: very slightly contaminated, not resistant to hostile enchantments, unstealthy
A: beak, talons 3
a: no special abilities


You were on level 1 of the Dungeon.
You were not hungry.

You visited 1 branch of the dungeon, and saw 1 of its levels.

Inventory:

Armour
 a - a +0 robe (worn)
 b - a +0 hat (worn)
Scrolls
 e - a scroll of recharging {unknown}
 h - a scroll of identify {unknown}
Potions
 g - a potion of resistance {unknown}
Books
 c - a book of Minor Magic
Comestibles
 d - a bread ration {!e}
 f - 4 chunks of flesh


   Skills:
 - Level 2.1 Dodging
 - Level 2.0 Stealth
 + Level 3.0 Spellcasting
 * Level 2.0 Conjurations
   Level 1.2 Summonings
   Level 0.7 Translocations


You had 5 spell levels left.
You knew the following spells:

 Your Spells              Type           Power        Failure   Level  Hunger
a - Magic Dart            Conj           ##..         10%         1    None


Dungeon Overview and Level Annotations

Branches:
Dungeon (1/15)

Altars:


Innate Abilities, Weirdness & Mutations

You have a beak for a mouth.
You have claws for feet.


Message History

Your Conjurations skill increases to level 2!
You start resting.
Magic restored.
A giant gecko and a rat come into view.
The giant gecko bites you.
Found a ring mail.
Damage: 3 (max 3) Unknown command.
The giant gecko bites you but does no damage.
Casting: Magic Dart
Confirm with . or Enter, or press ? or * to list all spells.
Aiming: Magic Dart
Press: ? - help, Shift-Dir - straight line, f - giant gecko
Aim: a giant gecko (clinging)
The magic dart hits the giant gecko.
The giant gecko closely misses you.
Casting: Magic Dart
Confirm with . or Enter, or press ? or * to list all spells.
Aiming: Magic Dart
Press: ? - help, Shift-Dir - straight line, f/p - giant gecko
Aim: a giant gecko (clinging)
The magic dart hits the giant gecko.
The giant gecko hisses menacingly.
The giant gecko misses you.
Casting: Magic Dart
Confirm with . or Enter, or press ? or * to list all spells.
Aiming: Magic Dart
Press: ? - help, Shift-Dir - straight line, f/p - giant gecko
Aim: a giant gecko (clinging)
The magic dart hits the giant gecko.
The giant gecko is severely wounded.
The giant gecko bites you.
Damage: 3 (max 3)
Casting: Magic Dart
Confirm with . or Enter, or press ? or * to list all spells.
Aiming: Magic Dart
Press: ? - help, Shift-Dir - straight line, f/p - giant gecko
Aim: a giant gecko (severely wounded, clinging)
You miscast Magic Dart.
You are very lightly contaminated with residual magic.
Wisps of smoke drift from your hands. The giant gecko barely misses you.
Casting: Magic Dart
Confirm with . or Enter, or press ? or * to list all spells.
Aiming: Magic Dart
Press: ? - help, Shift-Dir - straight line, f/p - giant gecko
Aim: a giant gecko (severely wounded, clinging)
You miscast Magic Dart.
The air around you crackles with energy!
The giant gecko bites you.
Ouch! That really hurt!
You die...

#.#####.###...........###.
... ####..⌠..#### #h #
.%..# ##...## .h.#
#....######...#### .#.
..........#.†.#.. ..
.#.#.## #..##.##.# .#
#.#b#.# #..##.##.####.#
#...#'#..##...#
#.#.l@..#...###
#r###.#.÷.### #. #...###
#. ##### #[ #. #.


You could see a giant gecko.

Vanquished Creatures
  A kobold (D:1)
  2 bats (D:1)
  A giant newt (D:1)
  A jackal (D:1)
5 creatures vanquished.

Notes
Turn   | Place    | Note
--------------------------------------------------------------
     0 | D:1      | Gorice the Tengu Wizard began the quest for the Orb.
     0 | D:1      | Reached XP level 1. HP: 10/10 MP: 5/5
   134 | D:1      | Reached skill level 2 in Conjurations
   175 | D:1      | Slain by a giant gecko

Vault maps used:
D:1:      evilmike_arrival_plus, serial_bayou_pond_c, kennysheep_nondescript,
          hex_tiny

Action                   || total
-------------------------++-------
 Cast: Magic Dart        ||    13

Table legend:
 A = Turns spent in this place as a percentage of turns spent in the entire game.
 B = Non-inter-level travel turns spent in this place as a percentage of non-inter-level travel turns spent in the entire game.
 C = Inter-level travel turns spent in this place as a percentage of turns spent in this place.
 D = Turns resting spent in this place as a percentage of non-inter-level travel turns spent in this place.
 E = Turns spent auto-exploring this place as a percentage of non-inter-level travel turns spent in this place.
 F = Non-inter-level travel turns spent in this place divided by the number of levels of this place that you've seen.
                   A       B       C       D       E      F
               +-------+-------+-------+-------+-------+----------------------
         Total | 100.0 | 100.0 |   0.0 |   4.4 |   3.5 | 113.0
       Dungeon | 100.0 | 100.0 |   0.0 |   4.4 |   3.5 | 113.0
               +-------+-------+-------+-------+-------+----------------------

Vault maps used:
D:1:      evilmike_arrival_plus, serial_bayou_pond_c, kennysheep_nondescript,
          hex_tiny
